 Dungeon Crawl Stone Soup version 0.22-a0-322-g60b3cfd (webtiles) character file.

205 xccam the Chopper (level 5, 0/41 HPs)
             Began as a Demonspawn Fighter on Apr 2, 2018.
             Slain by an orc priest
             ... wielding a +0 trident
              (3 damage)
             ... on level 3 of the Dungeon.
             The game lasted 00:02:25 (1672 turns).

xccam the Chopper (Demonspawn Fighter)              Turns: 1672, Time: 00:02:26

Health: 0/41       AC:  6    Str: 23    XL:     5   Next: 52%
Magic:  5/5        EV: 12    Int:  9    God:
Gold:   133        SH: 10    Dex: 19    Spells: 4/4 levels left

rFire    . . .     SeeInvis .   a - +0 war axe
rCold    . . .     Gourm    .   c - +0 shield
rNeg     . . .     Faith    .   b - +0 scale mail
rPois    .         Spirit   .   (helmet restricted)
rElec    .         Reflect  .   (no cloak)
rCorr    .         Harm     .   (no gloves)
MR       .....                  (no boots)
Stlth    ++........             (no amulet)
HPRegen  0.13/turn              (no ring)
MPRegen  0.09/turn              (no ring)

@: mighty, agile
A: antennae 1, thin skeletal structure 1
a: no special abilities


You were on level 3 of the Dungeon.
You were not hungry.

You visited 1 branch of the dungeon, and saw 3 of its levels.

You collected 133 gold pieces.

Inventory:

Hand Weapons
 a - a +0 war axe (weapon)
Armour
 b - a +0 scale mail (worn)
 c - a +0 shield (worn)
Scrolls
 e - a scroll of teleportation {unknown}
 h - 5 scrolls of remove curse {unknown}
 i - a scroll of fog {unknown}
 j - 3 scrolls of identify {unknown}
 l - a scroll of immolation {unknown}
 n - a scroll of fear {unknown}
Potions
 m - a potion of flight {unknown}
 o - a potion of haste {unknown}
Comestibles
 f - 4 rations
 k - 5 chunks of flesh


   Skills:
 - Level 3.0 Fighting
 + Level 5.3 Axes
 - Level 2.6 Armour
 - Level 2.6 Shields


You had 4 spell levels left.
You didn't know any spells.

Dungeon Overview and Level Annotations

Branches:
Dungeon (3/15)

Altars:
Elyvilon


Innate Abilities, Weirdness & Mutations

You have a pair of small antennae on your head.
You have a somewhat thin skeletal structure. (Dex +2, Stealth)


Message History

* * * LOW HITPOINT WARNING * * *
Something hits you.
* * * LOW HITPOINT WARNING * * *
You feel agile all of a sudden. The bat misses you.
The orc priest closely misses you. Something hits you.
* * * LOW HITPOINT WARNING * * *
Unknown command.
You're too confused to move!
The bat hits you but does no damage.
The orc priest hits you from afar with a trident.
* * * LOW HITPOINT WARNING * * *
You hear some strange, mumbled words.
A puff of flame appears from out of thin air!
The puff of flame hits you!
* * * LOW HITPOINT WARNING * * *
The bat hits you but does no damage.
You bump into the rock wall.
You feel less confused. The bat hits you but does no damage.
The orc priest hits you from afar with a trident.
You die...

#.#.###..#.####
##.##.#.###.##..
#...##.## #.#... #...####
#..### #)..# #..# # #...#
##.### #...# #....
#.#####...##### #.###
#...)@..........##.###
......ob{................
.............?<....##)###
#..#.#####...##### #.#
..... #...# #.### ...#
#...# #.... ... #...#
##### .# #..## #...# ##
...#. ....# ##.


You could see an orc priest and a bat.

Vanquished Creatures
  An orc priest (D:3)
  2 orc wizards (D:3)
  4 adders (D:2)
  An ooze (D:2)
  6 worms (D:2)
  2 dart slugs (D:1)
  2 leopard geckos
  5 orcs (D:3)
  A ball python (D:1)
  2 giant cockroaches (D:2)
  9 goblins
  4 hobgoblins
  3 jackals (D:2)
  8 bats
  5 frilled lizards
  5 kobolds
  3 rats
63 creatures vanquished.

Notes
Turn   | Place    | Note
-------+----------+-------------------------------------------
     0 | D:1      | xccam the Demonspawn Fighter began the quest for the Orb.
     0 | D:1      | Reached XP level 1. HP: 18/18 MP: 1/1
    25 | D:1      | Reached skill level 2 in Axes
    56 | D:1      | Gained mutation: You have a somewhat thin skeletal structure. (Dex +2, Stealth) [demonic ancestry]
    56 | D:1      | Reached XP level 2. HP: 24/24 MP: 2/2
   250 | D:1      | Reached skill level 3 in Axes
   534 | D:1      | Gained mutation: You have a pair of small antennae on your head. [demonic ancestry]
   534 | D:1      | Reached XP level 3. HP: 27/29 MP: 3/3
   659 | D:2      | Found a white marble altar of Elyvilon.
   738 | D:2      | Reached skill level 4 in Axes
   738 | D:2      | Reached XP level 4. HP: 18/35 MP: 4/4
  1112 | D:2      | HP: 1/35 [poisoned by an adder]
  1519 | D:3      | Reached XP level 5. HP: 41/41 MP: 5/5
  1536 | D:3      | Reached skill level 5 in Axes
  1671 | D:3      | HP: 2/41 [something/puff of flame (5)]
  1672 | D:3      | Slain by an orc priest

Vault maps used:
D:1:      evilmike_arrival_crescent
D:2:      nicolae_overflow_crystal_walls, kennysheep_minor_cross,
          minmay_fountain_box
D:3:      okawaru_trees_1

Skill      XL: |  1  2  3  4  5 |
---------------+----------------+-----
Axes           | 2 3 4 5 |  5.3
Fighting       | |  3.0
Armour         | |  2.6
Shields        | |  2.6

Action                   |  1- 3 |  4- 6 || total
-------------------------+-------+-------++-------
Melee: War axe           |   101 |   110 ||   211
  Use: Potion            |       |     4 ||     4
  Eat: Chunk             |       |     3 ||     3
Armor: Scale mail        |    46 |    85 ||   131
Dodge: Dodged            |    27 |    49 ||    76
Block: Shield            |    47 |    71 ||   118

Table legend:
 A = Spawn XP
 B = Non-spawn XP
 C = Spawn XP percentage of total XP
 D = Spawn monster count
 E = Non-spawn monster count
 F = Spawn count percentage of total count
 G = Total turns spent on level
                    A         B        C        D         E        F      G
               +---------+---------+-------+---------+---------+-------+---------
         Total |       0 |     293 |   0.0 |       0 |      63 |   0.0 |  1672
               +---------+---------+-------+---------+---------+-------+---------
           D:1 |       0 |      44 |   0.0 |       0 |      24 |   0.0 |   584
           D:2 |       0 |     118 |   0.0 |       0 |      27 |   0.0 |   931
           D:3 |       0 |     131 |   0.0 |       0 |      12 |   0.0 |   157
               +---------+---------+-------+---------+---------+-------+---------
